 Dungeon Crawl Stone Soup version 0.29.1-12-g30fa7ad0bf (webtiles) character file.

Game seed: 6578326096762400429

3654 FexLirch the Geomancer (level 10, -2/69 HPs)
             Began as a Meteoran Earth Elementalist on Dec 13, 2022.
             Was a Follower of Vehumet.
             Slain by a hornet (4 damage)
             ... while paralysed by a hornet
             ... on level 9 of the Dungeon.
             The game lasted 00:32:19 (3116 turns).

FexLirch the Geomancer (MeEE)                       Turns: 3116, Time: 00:32:21

Health: -2/69      AC:  5    Str: 10    XL:     10   Next: 59%
Magic:  2/17       EV:  2    Int: 20    God:    Vehumet [*.....]
Gold:   266        SH:  0    Dex: 16    Spells: 4/17 levels left

rFire   + . .      SeeInvis .   A - +1 dagger (speed)
rCold   . . .      Faith    .   (no shield)
rNeg    . . .      Spirit   .   t - +1 leather armour {rC+}
rPois   .          Reflect  .   (no helmet)
rElec   .          Harm     .   (no cloak)
rCorr   .          Rampage  .   (no gloves)
Will    +....                   l - +0 pair of boots
Stlth   +.........              p - amulet of regeneration
HPRegen 1.01/turn               B - +4 ring of evasion
MPRegen 0.15/turn               H - ring of fire

@: paralysed, lethally poisoned (-2 -> -3), about to teleport, slowed, glowing
A: sense surroundings 2, otherworldly, glowing, explore regen, mutation
resistance 1
a: Renounce Religion


You were on level 9 of the Dungeon.
You worshipped Vehumet.
Vehumet was aware of your devotion.
You visited 2 branches of the dungeon, and saw 10 of its levels.

You collected 266 gold pieces.

Inventory:

Hand Weapons
 e - a +0 whip
 k - a +0 dagger of protection
 x - a +0 shortbow
 A - a +1 dagger of speed (weapon)
 D - a +5 dagger
 J - a +3 flail of freezing
Armour
 a - a +0 robe
 l - a +0 pair of boots (worn)
 t - a +1 leather armour of cold resistance (worn)
Jewellery
 p - an amulet of regeneration (around neck)
 r - a ring of ice
 B - a +4 ring of evasion (left hand)
 C - a +4 ring of evasion
 G - a ring of ice
 H - a ring of fire (right hand)
Wands
 i - a wand of flame (19)
 s - a wand of polymorph (7)
 K - a wand of iceblast (6)
Scrolls
 b - a scroll of immolation {unknown}
 c - 7 scrolls of identify {unknown}
 d - 2 scrolls of brand weapon {unknown}
 f - 2 scrolls of vulnerability {unknown}
 g - 3 scrolls of noise
 j - a scroll of amnesia {unknown}
 m - 2 scrolls of silence {unknown}
 o - 4 scrolls of teleportation
 w - 2 scrolls of butterflies {unknown}
 y - a scroll of summoning {unknown}
 z - 2 scrolls of enchant weapon {unknown}
 I - a scroll of magic mapping {unknown}
Potions
 h - a potion of mutation
 n - a potion of degeneration {unknown}
 q - a potion of brilliance {unknown}
 u - a potion of flight {unknown}
 v - a potion of haste {unknown}
 F - a potion of berserk rage {unknown}
Miscellaneous
 E - a piece from Xom's chessboard (15/15)


   Skills:
 + Level 4.0 Dodging
 - Level 1.4 Stealth
 + Level 4.3 Spellcasting
 + Level 6.9 Conjurations
 + Level 7.0 Transmutations
 + Level 3.0 Air Magic
 + Level 12.4 Earth Magic
 + Level 3.0 Poison Magic


You had 4 spell levels left.
You knew the following spells:

 Your Spells              Type           Power      Damage    Failure   Level
a - Sandblast             Erth           100%       2d20      1%          1
b - Stone Arrow           Conj/Erth      86%        3d12      1%          3
c - Passwall              Tmut/Erth      35%        N/A       1%          2
d - Petrify               Tmut/Erth      43%        N/A       3%          4
e - Mephitic Cloud        Conj/Pois/Air  21%        N/A       9%          3

Your spell library contained the following spells:

 Spells                   Type           Power      Damage    Failure   Level
 Foxfire                  Conj/Fire      100%       2x1d9     4%          1
 Magic Dart               Conj           100%       1d8       1%          1
 Call Imp                 Summ           4%         N/A       26%         2


Dungeon Overview and Level Annotations

Branches:
Dungeon (9/15) Zot: 2197   Temple (1/1) D:6 Zot: 583
   Lair: D:8-11         Orc: D:9-12

Altars:
Dithmenos
Elyvilon
Gozag
Hepliaklqana
Makhleb
Nemelex Xobeh
Okawaru
Ru
Uskayaw
Vehumet
Wu Jian
Xom
Yredelemnul

Shops:
D:2 (


Innate Abilities, Weirdness & Mutations

You passively map the area around you.
You are easily found by Zot.
You glow in the dark.
You regain HP and MP as you explore.
You are somewhat resistant to further mutation.


Message History

Unknown command.
Press: ? - help, v - describe, . - travel
Here: a hornet The floor.
Unknown command.
It was a potion of mutation.
You feel extremely strange.
You feel genetically stable. The gnoll sergeant closely misses you.
As you read the scroll labelled LUWOFF FIACWU, it crumbles to dust.
You hear a loud clanging noise!
It was a scroll of noise.
You hear a roar!
You hear a shout!
You hear an angry buzzing noise.
You hear a shout!
The hornet misses you.
The gnoll sergeant hits you from afar with a +0 spear.
The hornet stings you!
You are poisoned.
You feel yourself slow down.
Unknown command.
Unknown command.
As you read the scroll labelled BEAMALLIF, it crumbles to dust.
You feel strangely unstable.
It was a scroll of teleportation.
You feel yourself speed up.
You feel very sick. The hornet stings you.
You suddenly lose the ability to move!
The gnoll sergeant hits you from afar with a +0 spear!
* * * LOW HITPOINT WARNING * * *
The hornet stings you.
* * * LOW HITPOINT WARNING * * *
You feel yourself slow down.
The gnoll sergeant hits you from afar with a +0 spear.
* * * LOW HITPOINT WARNING * * *
You feel yourself speed up.
You feel sick. The hornet stings you.
* * * LOW HITPOINT WARNING * * *
You feel yourself slow down.
The gnoll sergeant hits you from afar with a +0 spear.
* * * LOW HITPOINT WARNING * * *
The hornet stings you.
You die...

,* * , *' .... ** , , ,,
* .... , , , ,*..... * *
, *#..... #.... , *
,*##...# * * ,
###.).#####
####.#########.#†.##....
*
....<.y@.g......########
* ####=#####.......#
#.......# #.......#
#.......# *
#.......####### ** *
#.#####..[.)).. ...#
#.####### * ** ###.* #.#


You could see a hornet and a gnoll sergeant.

Vanquished Creatures
  Joseph (D:8)
  A hornet (D:9)
  A wyvern (D:8)
  Eustachio (D:6)
  A water moccasin (D:7)
  A black bear (D:5)
  An orc warrior (D:9)
  2 ogres
  2 centaurs
  A kobold brigand (D:7)
  5 bullfrogs
  A necrophage (D:3)
  3 scorpions
  10 wights
  4 killer bees (D:8)
  8 hounds
  5 jellies
  A gnoll bouda (D:7)
  An orc priest (D:7)
  3 iguanas
  3 orc wizards
  14 adders
  9 gnolls
  2 shadow imps (D:6)
  An ufetubus (D:6)
  2 worms (D:2)
  4 dart slugs
  9 orcs
  8 endoplasms
  7 giant cockroaches
  3 goblins
  11 hobgoblins
  8 kobolds
  A quokka (D:3)
  6 ball pythons
  A bat (D:1)
  A frilled lizard (D:1)
  4 rats
147 creatures vanquished.

Notes
Turn   | Place    | Note
-------+----------+-------------------------------------------
     0 | D:1      | FexLirch the Meteoran Earth Elementalist began the quest
                  | for the Orb.
     0 | D:1      | Reached XP level 1. HP: 14/14 MP: 5/5
    15 | D:1      | Reached skill level 4 in Earth Magic
    29 | D:1      | Reached XP level 2. HP: 20/20 MP: 4/6
   119 | D:1      | Reached skill level 5 in Earth Magic
   119 | D:1      | Reached XP level 3. HP: 26/26 MP: 6/8
   139 | D:1      | Found a faded altar of an unknown god.
   286 | D:1      | Reached XP level 4. HP: 26/33 MP: 6/9
   304 | D:2      | Found Fimiff's Weapon Boutique.
   441 | D:2      | Reached skill level 6 in Earth Magic
   577 | D:3      | Reached XP level 5. HP: 38/38 MP: 8/10
   581 | D:3      | Learned a level 3 spell: Stone Arrow
   584 | D:3      | Learned a level 2 spell: Passwall
   651 | D:4      | Noticed a necrophage
   656 | D:3      | Killed a necrophage
   657 | D:3      | Reached skill level 7 in Earth Magic
   657 | D:3      | Reached XP level 6. HP: 37/45 MP: 7/11
   804 | D:4      | Noticed an ogre
   813 | D:3      | Killed an ogre
   814 | D:3      | Reached skill level 8 in Earth Magic
   814 | D:3      | Reached XP level 7. HP: 14/50 MP: 7/12
  1144 | D:3      | Reached skill level 9 in Earth Magic
  1217 | D:5      | Entered Level 5 of the Dungeon
  1248 | D:5      | Reached skill level 10 in Earth Magic
  1248 | D:5      | Reached XP level 8. HP: 57/57 MP: 3/13
  1277 | D:5      | Learned a level 4 spell: Petrify
  1635 | D:6      | Reached skill level 1 in Conjurations
  1666 | D:6      | Noticed Eustachio
  1712 | D:6      | Killed Eustachio
  1971 | D:5      | Reached skill level 11 in Earth Magic
  2039 | D:5      | Found an ornate altar of the Wu Jian Council.
  2081 | D:6      | Gained mutation: You passively map the area around you.
                  | [Meteoran growth]
  2081 | D:6      | Reached XP level 9. HP: 44/62 MP: 8/14
  2194 | D:6      | Found a staircase to the Ecumenical Temple.
  2201 | Temple   | Entered the Ecumenical Temple
  2209 | Temple   | Became a worshipper of Vehumet
  2470 | D:7      | Reached skill level 5 in Transmutations
  2542 | D:7      | Reached skill level 5 in Conjurations
  2687 | D:7      | Reached * piety under Vehumet
  2687 | D:7      | Offered knowledge of Foxfire by Vehumet.
  2726 | D:8      | Reached skill level 12 in Earth Magic
  2742 | D:8      | Learned a level 3 spell: Mephitic Cloud
  2747 | D:8      | Noticed Joseph
  2773 | D:7      | Reached XP level 10. HP: 15/69 MP: 0/15
  2790 | D:7      | Reached skill level 1 in Air Magic
  2790 | D:7      | Reached skill level 1 in Poison Magic
  2885 | D:8      | Killed Joseph
  3077 | D:9      | Found a runed translucent door.
  3113 | D:9      | Gained mutation: You are somewhat resistant to further
                  | mutation. [potion of mutation]
  3115 | D:9      | Paralysed by a hornet for 3 turns
  3116 | D:9      | HP: 2/69 [gnoll sergeant/+0 spear (2)]
  3116 | D:9      | Slain by a hornet

Illustrated notes

Levels and vault maps discovered:
D:1:      eino_arrival_tree_alley, layout_basic, shapermc_ecumenical_altar_gd
D:2:      layout_basic, serial_shops, shop, minivault_5,
          kennysheep_generic_room_14
D:3:      layout_rooms
D:4:      layout_basic, small_statue_intersection, corexii_leaking_fountain,
          grunt_ministairs_3, uniq_grinder
D:5:      layout_loops_ring, pdpol_wu_jian_five_deadly_venoms
D:6:      layout_cave_pools, minmay_temple_entry_nine_rooms, uniq_eustachio
D:7:      layout_loops_corners, nzn_overflow_gifts_of_might_and_magic,
          hellmonk_bongcloud_opening
D:8:      layout_rooms, uniq_joseph
D:9:      cheibrodos_histonic, layout_small_grid
Temple:   nicolae_temple_no_exploring_needed

Skill      XL: |  1  2  3  4  5  6  7  8  9 10 |
---------------+-------------------------------+-----
Earth Magic    | 4 5 6 7 8 10 11 12 | 12.4
Conjurations   | 3 6 |  6.9
Transmutations | 3 6 7 |  7.0
Spellcasting   | 4 |  4.3
Air Magic      | 3 |  3.0
Poison Magic   | 3 |  3.0
Dodging        | 4 |  4.0
Stealth        | |  1.4

Action                   |  1- 3 |  4- 6 |  7- 9 | 10-12 || total
-------------------------+-------+-------+-------+-------++-------
Melee: Whip              |     1 |       |       |       ||     1
       Dagger            |       |       |    66 |    10 ||    76
       Punch             |       |       |     1 |       ||     1
       Shortbow          |       |       |    18 |       ||    18
 Fire: Shortbow          |       |       |     7 |       ||     7
 Cast: Sandblast         |    31 |    44 |    91 |    20 ||   186
       Stone Arrow       |       |     1 |    43 |    11 ||    55
       Petrify           |       |       |     4 |     3 ||     7
       Passwall          |       |       |     3 |     1 ||     4
       Mephitic Cloud    |       |       |       |     3 ||     3
  Use: Scroll            |       |       |       |     2 ||     2
       Potion            |       |       |       |     2 ||     2
 Stab: Petrified         |       |       |    10 |     7 ||    17
       Sleeping          |       |       |     1 |       ||     1
Armor: Robe              |     4 |     1 |    28 |       ||    33
       Leather armour    |       |       |    35 |     3 ||    38
Dodge: Dodged            |     7 |    13 |    96 |    21 ||   137
